 Dungeon Crawl Stone Soup version 0.20-a0-208-g55166f7 (webtiles) character file.

5647 Jraekied the Fighter (level 10, -2/85 HPs)
             Began as a Demonspawn Gladiator on Nov 25, 2016.
             Was an Elder of Dithmenos.
             Slain by Erolcha
             ... wielding a +0 giant spiked club
              (10 damage)
             ... on level 9 of the Dungeon.
             The game lasted 00:28:13 (11308 turns).

Jraekied the Fighter (Demonspawn Gladiator)        Turns: 11308, Time: 00:28:14

Health: -2/85      AC: 12    Str: 17    XL:     10   Next: 46%
Magic:  16/16      EV: 12    Int: 10    God:    Dithmenos [****..]
Gold:   503        SH:  0    Dex: 19    Spells: 9/9 levels left

rFire  . . .     SeeInvis .     a - +0 long sword
rCold  . . .     Gourm    .     l - +1 ring mail
rNeg   . . .     Faith    .     (no shield)
rPois  .         Spirit   .     c - +0 helmet
rElec  .         Reflect  .     p - +0 cloak
rCorr  .         Harm     .     E - +0 pair of gloves
MR     .....                    (boots unavailable)
Stlth  +.........               (no amulet)
                                (no ring)
                                n - ring of wizardry

@: slowed, wreathed by umbra, very slow
A: claws 1, talons 3, iridescent scales 1, agile 2, blurry vision 1, mutation
resistance 1, powered by pain 2, screaming 1
a: Shadow Step, Renounce Religion


You were on level 9 of the Dungeon.
You worshipped Dithmenos.
Dithmenos was greatly pleased with you.
You were not hungry.

You visited 2 branches of the dungeon, and saw 10 of its levels.

You collected 503 gold pieces.

Inventory:

Hand Weapons
 a - a +0 long sword (weapon)
 b - a +1 shortbow
 w - a +0 dagger of draining
Missiles
 d - 3 throwing nets (quivered)
 r - 27 arrows
 v - 2 tomahawks
Armour
 c - a +0 helmet (worn)
 l - a +1 ring mail (worn)
 p - a +0 cloak (worn)
 q - a +0 leather armour
 E - a +0 pair of gloves (worn)
Jewellery
 k - an uncursed amulet of harm
 n - a ring of wizardry (left hand)
 y - an uncursed ring of ice
 D - an uncursed amulet of magic regeneration
Wands
 m - a wand of acid (0/15)
 t - a wand of enslavement (8/24)
Scrolls
 h - a scroll of recharging
 u - a scroll of blinking
 C - a scroll of enchant armour
Potions
 e - a potion of might
 s - a potion of brilliance
 x - 3 potions of magic
 A - a potion of lignification {unknown}
Books
 j - a book of Cantrips

   Spells                             Type                      Level
   a - Confusing Touch                Hexes                        1
   b - Animate Skeleton               Necromancy                   1
   c - Summon Small Mammal            Summoning                    1
   d - Apportation                    Translocation                1
Comestibles
 f - 6 bread rations
 g - 3 slices of pizza
 i - a royal jelly
 o - a beef jerky
 z - 3 fruits


   Skills:
 - Level 10.0 Fighting
 - Level 9.2 Long Blades
 * Level 2.8 Bows
 - Level 1.7 Throwing
 * Level 3.0 Armour
 - Level 2.6 Dodging
 - Level 8.0 Invocations


You had 9 spell levels left.
You didn't know any spells.

Dungeon Overview and Level Annotations

Branches:
Dungeon (9/15)             Temple (0/1) D:5            Lair (1/6) D:8
    Orc: D:9-12

Altars:
Ashenzari
Dithmenos
Elyvilon
Ru
Trog
Yredelemnul
The Shining One

Shops:
D:6 %

Annotations:
D:5 1 exclusion
D:9 Erolcha


Innate Abilities, Weirdness & Mutations

You have claws for feet.
You are partially covered in iridescent scales. (AC +2)
You sometimes gain power by taking damage.
You have sharp fingernails.
You are very agile. (Dex +4)
Scrolls take you a little longer to read.
You are somewhat resistant to further mutation.
You occasionally shout uncontrollably at your foes.


Message History

You closely miss Erolcha.
Erolcha is heavily wounded.
Unknown command.
You slash Erolcha! Your kick misses Erolcha.
Erolcha is severely wounded.
Erolcha points at you and mumbles some strange words.
You feel yourself slow down.
You hit Erolcha. Your kick misses Erolcha.
Erolcha is severely wounded.
Erolcha hits you but does no damage.
You hit Erolcha. You claw Erolcha, but do no damage.
Erolcha is severely wounded.
Erolcha closely misses you.
You hit Erolcha.
Erolcha is severely wounded.
Erolcha gestures at you while chanting. The crystal spear hits you!
* * * LOW HITPOINT WARNING * * *
Erolcha hits you with a giant spiked club!
You die...

############
#..........#
+..........#
#..........+
#..........#
#...$O....(# #@# #.#
#.# #.## #..# #####.###
##.......# .#
..........###########.#
###..........<...##.#.#


You could see Erolcha.

Vanquished Creatures
  An unseen horror (D:5)
  Pikel (D:7)
  Joseph (D:8)
  A komodo dragon (D:8)
  Prince Ribbit (D:7)
  Grinder (D:3)
  A hippogriff (Lair:1)
  A basilisk (Lair:1)
  Eustachio (D:6)
  A slave (D:7)
  A water moccasin (Lair:1)
  A porcupine (Lair:1)
  2 sky beasts
  An orc warrior (D:6)
  A black bear (D:6)
  3 ice beasts
  5 ogres
  A phantom (D:5)
  A centaur (D:5)
  Blork the orc (D:6)
  5 bullfrogs
  A scorpion (D:4)
  An electric eel (D:5)
  4 howler monkeys
  3 crimson imps
  A centaur zombie (D:7)
  2 hounds
  A jelly (D:5)
  A gnoll shaman (D:4)
  5 orc wizards
  A quasit (D:5)
  6 orc priests
  A centaur skeleton (D:4)
  2 iguanas
  6 worker ants
  4 hound skeletons
  A worker ant zombie (D:5)
  9 gnolls
  17 adders
  3 shadow imps
  An ooze (D:2)
  5 adder zombies
  6 worms
  A dart slug (D:2)
  7 leopard geckos
  24 orcs
  10 giant cockroaches
  5 goblins
  16 hobgoblins
  3 jackals (D:6)
  6 quokkas
  7 bats
  4 frilled lizards
  A giant cockroach zombie (D:5)
  4 kobolds
  A leopard gecko skeleton (D:9)
  A quokka skeleton (D:4)
  8 rats
211 creatures vanquished.

Vanquished Creatures (others)
  A hungry ghost (D:7)
  A quokka (D:9)
  4 plants (D:8)
6 creatures vanquished.

Grand Total: 217 creatures vanquished

Notes
Turn   | Place    | Note
-------+----------+-------------------------------------------
     0 | D:1      | Jraekied the Demonspawn Gladiator began the quest for the Orb.
     0 | D:1      | Reached XP level 1. HP: 16/16 MP: 1/1
   250 | D:1      | Gained mutation: You have sharp toenails. [demonic ancestry]
   250 | D:1      | Reached XP level 2. HP: 11/23 MP: 2/2
  1396 | D:2      | Reached skill level 3 in Fighting
  1396 | D:2      | Reached XP level 3. HP: 29/29 MP: 3/3
  2056 | D:2      | Gained mutation: You are partially covered in iridescent scales. (AC +2) [demonic ancestry]
  2056 | D:2      | Reached XP level 4. HP: 35/35 MP: 4/4
  2393 | D:2      | Found a basalt altar of Yredelemnul.
  2404 | D:2      | Found a shadowy altar of Dithmenos.
  2406 | D:2      | Found a glowing golden altar of the Shining One.
  2426 | D:2      | Became a worshipper of Dithmenos the Shadowed
  2596 | D:2      | Found a sacrificial altar of Ru.
  3153 | D:3      | Reached skill level 4 in Fighting
  3156 | D:3      | Gained mutation: You have razor-sharp toenails. [demonic ancestry]
  3156 | D:3      | Reached XP level 5. HP: 24/42 MP: 5/5
  3589 | D:3      | Reached * piety under Dithmenos
  3726 | D:3      | Found a bloodstained altar of Trog.
  3842 | D:3      | Reached skill level 1 in Invocations
  3878 | D:3      | Noticed Grinder
  3878 | D:3      | Paralysed by Grinder for 4 turns
  3897 | D:3      | Paralysed by Grinder for 7 turns
  3929 | D:3      | Killed Grinder
  3929 | D:3      | Gained mutation: You have claws for feet. [demonic ancestry]
  3929 | D:3      | Reached XP level 6. HP: 17/50 MP: 5/8
  4238 | D:3      | Reached skill level 5 in Fighting
  4641 | D:4      | Reached skill level 5 in Long Blades
  4641 | D:4      | Gained mutation: You sometimes gain a little power by taking damage. [demonic ancestry]
  4641 | D:4      | Reached XP level 7. HP: 51/56 MP: 9/9
  5280 | D:4      | Reached ** piety under Dithmenos
  5597 | D:5      | Entered Level 5 of the Dungeon
  5683 | D:5      | Reached skill level 5 in Invocations
  5694 | D:5      | Found a staircase to the Ecumenical Temple.
  5701 | D:5      | Reached skill level 6 in Fighting
  5769 | D:5      | Reached XP level 8. HP: 58/64 MP: 12/12
  5801 | D:5      | Killed an unseen horror
  6064 | D:5      | Reached skill level 7 in Fighting
  7142 | D:5      | Gained mutation: You sometimes gain power by taking damage. [demonic ancestry]
  7142 | D:5      | Reached XP level 9. HP: 59/72 MP: 14/14
  7720 | D:6      | Reached skill level 8 in Fighting
  7725 | D:6      | Gained mutation: You have sharp fingernails. [mutagenic meat]
  7726 | D:6      | Gained mutation: You are agile. (Dex +2) [mutagenic meat]
  7727 | D:6      | Gained mutation: You are very agile. (Dex +4) [mutagenic meat]
  7887 | D:6      | Reached *** piety under Dithmenos
  7983 | D:6      | Found Gufra's Food Shop.
  8090 | D:6      | Noticed Blork the orc
  8224 | D:6      | Killed Blork the orc
  8405 | D:6      | Noticed Eustachio
  8415 | D:6      | Killed Eustachio
  8587 | D:7      | Gained mutation: You occasionally shout uncontrollably at your foes. [mutagenic meat]
  8588 | D:7      | Gained mutation: You are somewhat resistant to further mutation. [mutagenic meat]
  8590 | D:7      | Gained mutation: Scrolls take you a little longer to read. [mutagenic meat]
  8648 | D:7      | Reached skill level 9 in Fighting
  9107 | D:7      | Noticed Pikel
  9118 | D:7      | Noticed Prince Ribbit
  9138 | D:7      | Killed Pikel
  9138 | D:7      | Reached XP level 10. HP: 43/83 MP: 16/16
  9148 | D:7      | Killed Prince Ribbit
  9514 | D:8      | Noticed Joseph
  9545 | D:8      | Killed Joseph
  9862 | D:8      | Reached **** piety under Dithmenos
  9862 | D:8      | Reached skill level 10 in Fighting
  9979 | D:8      | Found a shattered altar of Ashenzari.
 10148 | D:8      | Reached skill level 1 in Bows
 10148 | D:8      | Reached skill level 1 in Armour
 10373 | D:8      | Found a staircase to the Lair.
 10500 | Lair:1   | Entered Level 1 of the Lair of Beasts
 11003 | Lair:1   | Noticed a seven-headed hydra
 11158 | D:9      | Found a white marble altar of Elyvilon.
 11295 | D:9      | Noticed Erolcha
 11308 | D:9      | Slain by Erolcha

Vault maps used:
D:1:      dpeg_arrival_more_subterranean_lakeside_camping, minmay_hexomino_u4
D:2:      minitemple, nicolae_ru_sacrificial_ziggurat, first_bread
D:3:      trog_butcher_becter, uniq_grinder
D:5:      cheibrodos_two_vegetables, dk_rats_in_the_wall
D:6:      minmay_opposing_rooms, serial_co_window_serial, co_window_paths_b,
          co_window_paths_a, co_window_of_opportunity_a, co_window_corner_a,
          co_window_of_opportunity_a, co_window_paths_a, co_window_corner_a,
          co_window_cross_2, co_window_broadway_b, co_window_broadway_b,
          co_window_of_opportunity_c, co_window_unsneaky_path_c,
          co_window_broadway_c, glass_columns_a, glass_columns_a, serial_shops,
          shop, patterned_corridor, uniq_blork_the_orc, uniq_eustachio
D:7:      uniq_pikel, uniq_prince_ribbit1
D:8:      kennysheep_mini, david_lair_shrubbed, uniq_joseph
D:9:      grunt_pizzeria, roderic_filled_cross, elyvilon_altar_4,
          uniq_gastronok, uniq_erolcha
Lair:1:   grunt_megastairs_4

Skill      XL: |  1  2  3  4  5  6  7  8  9 10 |
---------------+-------------------------------+-----
Long Blades    | 3 4 5 7 8 9 |  9.2
Fighting       | 3 4 5 6 7 9 10 | 10.0
Invocations    | 2 3 5 7 8 |  8.0
Bows           | 2 |  2.8
Armour         | 3 |  3.0
Throwing       | |  1.7
Dodging        | |  2.6

Action                   |  1- 3 |  4- 6 |  7- 9 | 10-12 || total
-------------------------+-------+-------+-------+-------++-------
Melee: Long sword        |   111 |   185 |   423 |   154 ||   873
       Kick              |    20 |    49 |   192 |    71 ||   332
 Fire: Shortbow          |       |       |       |    27 ||    27
Throw: Throwing net      |     4 |     1 |       |       ||     5
Evoke: Wand              |       |       |    11 |     4 ||    15
  Use: Potion            |       |     7 |     2 |     1 ||    10
       Scroll            |       |     9 |     7 |     3 ||    19
 Stab: Held in net/web   |     2 |       |       |       ||     2
  Eat: Chunk             |     2 |     8 |    17 |     1 ||    28
       Meat ration       |       |     1 |       |     1 ||     2
       Bread ration      |       |       |     1 |     1 ||     2
Armor: Leather armour    |    10 |       |       |       ||    10
       Ring mail         |    30 |    52 |   147 |    51 ||   280
Dodge: Dodged            |    69 |   119 |   331 |    91 ||   610
       Rpst.: Long sword |    19 |    35 |   101 |    25 ||   180
